 Dungeon Crawl Stone Soup version 0.20.1-1-g8b1a95d (webtiles) character file.

355 gobwax the Grave Robber (level 6, -3/32 HPs)
             Began as a Deep Elf Necromancer on Sept 7, 2017.
             Shot with an arrow by a centaur (13 damage)
             ... on level 5 of the Dungeon.
             The game lasted 00:16:12 (4913 turns).

gobwax the Grave Robber (Deep Elf Necromancer)      Turns: 4913, Time: 00:16:12

Health: -3/32      AC:  4    Str:  5    XL:     6   Next: 36%
Magic:  17/17      EV: 13    Int: 22    God:
Gold:   295        SH:  0    Dex: 15    Spells: 2/18 levels left

rFire    . . .     SeeInvis .   j - +1 flail (protect)
rCold    . . .     Gourm    .   (no shield)
rNeg     . . .     Faith    .   a - +0 robe
rPois    .         Spirit   .   (no helmet)
rElec    .         Reflect  .   (no cloak)
rCorr    .         Harm     .   (no gloves)
MR       .....                  l - +1 pair of boots
Stlth    ++........             (no amulet)
Regen    0.1/turn               (no ring)
MPRegen  0.2/turn               (no ring)

@: no status effects
A: no striking features
a: no special abilities


You were on level 5 of the Dungeon.
You were near starving.

You visited 1 branch of the dungeon, and saw 5 of its levels.

You collected 295 gold pieces.

Inventory:

Hand Weapons
 j - a +1 flail of protection (weapon)
Armour
 a - a +0 robe (worn)
 l - a +1 pair of boots (worn)
Jewellery
 m - a cursed amulet of harm {unknown}
Wands
 v - a wand of flame (12/48)
Scrolls
 d - 4 scrolls of enchant armour {unknown}
 e - a scroll of remove curse {unknown}
 g - a scroll of recharging
 i - 3 scrolls of enchant weapon {unknown}
 k - a scroll of random uselessness {unknown}
 n - 3 scrolls of fog {unknown}
 p - a scroll of magic mapping {unknown}
 s - a scroll of immolation {unknown}
 t - a scroll of amnesia {unknown}
 w - a scroll of blinking {unknown}
 y - a scroll of identify {unknown}
Potions
 o - a potion of lignification {unknown}
 q - a potion of haste {unknown}
 r - a potion of curing {unknown}
 u - a potion of flight {unknown}
 x - a potion of might {unknown}
Books
 b - a book of Necromancy

   Spells                             Type                      Level
   a - Pain                           Necromancy                   1
   b - Animate Skeleton               Necromancy                   1
   c - Vampiric Draining              Necromancy                   3
   d - Regeneration                   Charms/Necromancy            3
   e - Animate Dead                   Necromancy                   4
   f - Control Undead                 Necromancy                   4
Comestibles
 c - 2 bread rations
 f - 2 meat rations
 h - 2 fruits


   Skills:
 + Level 2.7 Dodging
 - Level 2.4 Stealth
 + Level 6.6 Spellcasting
 + Level 7.4 Necromancy


You had 2 spell levels left.
You knew the following spells:

 Your Spells              Type           Power        Failure   Level  Hunger
a - Pain                  Necr           ####         1%          1    None
b - Animate Skeleton      Necr           N/A          1%          1    None
c - Vampiric Draining     Necr           #####.....   1%          3    #......
d - Control Undead        Necr           #####.....   4%          4    ###....
e - Animate Dead          Necr           N/A          4%          4    ###....
f - Regeneration          Chrm/Necr      ###.......   5%          3    #......


Dungeon Overview and Level Annotations

Branches:
Dungeon (5/15)
 Temple: D:4-7

Altars:
Ashenzari
Okawaru
Yredelemnul
Beogh


Message History

A centaur is nearby!
As you open the door, it creaks loudly!
There is an open door here.
You close the door.
You start resting.
Magic restored.
You open the door.
The centaur shouts!
The centaur wields a shortbow.
The centaur shoots an arrow.
The arrow hits you!
The centaur shoots an arrow.
The arrow hits you!
* * * LOW HITPOINT WARNING * * *
There is an open door, spattered with blood here.
You see here 2 arrows.
There's something blocking the doorway.
As you read the scroll labeled TUESIM SOC, it crumbles to dust.
It is a scroll of recharging.
Charge which item? (? for menu, Esc to quit)
Your wand of flame (?/48) glows for a moment.
The centaur shoots an arrow.
The arrow hits you!
You die...

........#......
#...............#......
#...... ........#......
#...c. ........'......
#####.... ........######+
#.......#####..............
#.......#...#..............
#.......#...#..............
+.......#.@.#.....#######..
#.......#(###..... #..
###.........###### ###
#c........# # #.........+ +
#..c......# # #.........# #
######.........# #
#....'.........+ #


You could see a centaur.

Vanquished Creatures
  A howler monkey (D:5)
  An orc priest (D:3)
  2 orc wizards
  A jelly (D:1)
  An iguana (D:4)
  A worker ant (D:5)
  4 adders
  3 gnolls (D:4)
  An ooze (D:3)
  An adder skeleton (D:4)
  3 worms
  A dart slug (D:2)
  3 leopard geckos
  5 orcs (D:3)
  2 ball pythons
  7 bats
  3 giant cockroaches
  8 goblins
  4 hobgoblins
  7 jackals
  7 kobolds
  5 frilled lizards
  12 rats
83 creatures vanquished.

Vanquished Creatures (collateral kills)
  A frilled lizard (D:1)
1 creature vanquished.

Grand Total: 84 creatures vanquished

Notes
Turn   | Place    | Note
-------+----------+-------------------------------------------
     0 | D:1      | gobwax the Deep Elf Necromancer began the quest for the Orb.
     0 | D:1      | Reached XP level 1. HP: 10/10 MP: 6/6
    35 | D:1      | Reached skill level 5 in Necromancy
    90 | D:1      | Reached XP level 2. HP: 2/15 MP: 4/8
   634 | D:1      | Learned a level 1 spell: Animate Skeleton
   904 | D:1      | Reached XP level 3. HP: 1/19 MP: 5/10
  1252 | D:1      | Reached skill level 6 in Necromancy
  1837 | D:2      | Learned a level 3 spell: Vampiric Draining
  1896 | D:2      | Reached XP level 4. HP: 21/24 MP: 1/12
  2724 | D:3      | Reached skill level 5 in Spellcasting
  2733 | D:3      | Reached XP level 5. HP: 22/28 MP: 0/14
  2965 | D:3      | Found a basalt altar of Yredelemnul.
  2965 | D:3      | Found a shattered altar of Ashenzari.
  3067 | D:3      | Found a roughly hewn altar of Beogh.
  3850 | D:4      | Found an iron altar of Okawaru.
  3921 | D:4      | Learned a level 4 spell: Control Undead
  4095 | D:4      | Reached skill level 7 in Necromancy
  4102 | D:4      | Reached XP level 6. HP: 31/32 MP: 3/17
  4110 | D:4      | Learned a level 4 spell: Animate Dead
  4114 | D:4      | Learned a level 3 spell: Regeneration
  4601 | D:5      | Entered Level 5 of the Dungeon
  4913 | D:5      | Shot with an arrow by a centaur

Skill      XL: |  1  2  3  4  5 |
---------------+----------------+-----
Necromancy     | 5 6 7 |  7.4
Spellcasting   | 4 5 6 |  6.6
Dodging        | |  2.7
Stealth        | |  2.4

Action                   |  1- 3 |  4- 6 || total
-------------------------+-------+-------++-------
Melee: Unarmed           |       |     6 ||     6
       Flail             |       |    27 ||    27
 Cast: Pain              |    62 |    84 ||   146
       Animate Skeleton  |     7 |    13 ||    20
       Vampiric Draining |     1 |    19 ||    20
       Control Undead    |       |    13 ||    13
       Animate Dead      |       |     2 ||     2
  Use: Potion            |       |     2 ||     2
       Scroll            |       |     1 ||     1
  Eat: Chunk             |     2 |    10 ||    12
       Fruit             |       |     1 ||     1
Armor: Robe              |       |    14 ||    14
Dodge: Dodged            |    10 |    51 ||    61
